 Dungeon Crawl Stone Soup version 0.19.0-2-gae57169 (webtiles) character file.

35 PhynixH2O the Skirmisher (level 3, -1/24 HPs)
             Began as a Gargoyle Fighter on Nov 3, 2016.
             Slain by a killer bee (6 damage)
             ... on level 2 of the Dungeon.
             The game lasted 00:04:52 (1116 turns).

PhynixH2O the Skirmisher (Gargoyle Fighter)         Turns: 1116, Time: 00:04:53

Health: -1/24      AC: 10    Str: 19    XL:     3   Next: 33%
Magic:  3/3        EV:  4    Int:  8    God:
Gold:   54         SH:  9    Dex: 10    Spells: 0 memorised, 2 levels left

rFire  + . .     SeeInvis .     n - +1 mace (crush)
rCold  + . .     Gourm    .     b - +0 scale mail
rNeg   + . .     Faith    .     c - +0 shield
rPois  ∞         Spirit   .     (no helmet)
rElec  +         Reflect  .     (no cloak)
rCorr  +         Harm     .     (no gloves)
MR     .....                    (no boots)
Stlth  ..........               (no amulet)
                                (no ring)
                                m - ring of resist corrosion

@: resistant, constricted
A: negative energy resistance 1, electricity resistance, unbreathing,
petrification resistance, rot immunity, AC +3
a: no special abilities


You were on level 2 of the Dungeon.
You were not hungry.

You visited 1 branch of the dungeon, and saw 3 of its levels.

You collected 54 gold pieces.

Inventory:

Hand Weapons
 n - a +1 mace of crushing (weapon)
Armour
 b - a +0 scale mail (worn)
 c - a +0 shield (worn)
Jewellery
 m - a ring of resist corrosion (left hand)
Scrolls
 e - a scroll of fog {unknown}
 g - a scroll of blinking
 k - a scroll of random uselessness {unknown}
 q - a scroll of recharging {unknown}
Potions
 d - 2 potions of might
 h - a potion of lignification {unknown}
 o - a potion of curing {unknown}
Comestibles
 f - 2 bread rations
 i - a chunk of flesh
 j - 2 beef jerkies


   Skills:
 * Level 4.4 Fighting
 + Level 2.4 Maces & Flails
 - Level 3.2 Armour
 - Level 3.2 Shields


You had 2 spell levels left.
You didn't know any spells.

Dungeon Overview and Level Annotations

Branches:
Dungeon (3/15)

Altars:
Dithmenos

Annotations:
D:2 Sigmund


Innate Abilities, Weirdness & Mutations

You are resistant to torment.
Your stone body is resilient. (AC +3)
You are immune to poison.
You resist negative energy. (rN+)
You are resistant to electric shocks. (rElec)
You can survive without breathing.
You are immune to petrification.
You are immune to rotting.


Message History

The killer bee is severely wounded.
The killer bee stings you.
The killer bee stings you but does no damage.
You block the ball python's attack. The ball python constricts you.
The killer bee stings you. You block the ball python's attack.
The ball python constricts you.
Sorry, you're not good enough to have a special ability.
You miss the killer bee.
The killer bee is severely wounded.
The killer bee stings you.
* * * LOW HITPOINT WARNING * * *
You block the killer bee's attack. The ball python closely misses you.
The ball python constricts you. The killer bee barely misses you.
The ball python bites you but does no damage.
The ball python constricts you.
Some of the chunks of flesh in your inventory have rotted away.
You miss the killer bee.
The killer bee is severely wounded.
The killer bee barely misses you. The killer bee stings you.
You die...

# ###♣♣ #....♣
..... ... ##.# #@y#
##S## #.y# ##.##
#####..#
########.....##
#...>.......%......
#..................
#....%.............


You could see 2 killer bees and a ball python.

Vanquished Creatures
  An adder (D:2)
  A leopard gecko (D:2)
  3 goblins (D:1)
  3 hobgoblins (D:1)
  2 quokkas (D:2)
  3 bats
  3 frilled lizards (D:1)
  6 kobolds
  3 rats (D:1)
25 creatures vanquished.

Notes
Turn   | Place    | Note
-------+----------+-------------------------------------------
     0 | D:1      | PhynixH2O the Gargoyle Fighter began the quest for the Orb.
     0 | D:1      | Reached XP level 1. HP: 14/14 MP: 1/1
   288 | D:1      | Reached XP level 2. HP: 20/20 MP: 2/2
   443 | D:1      | Reached skill level 4 in Fighting
   877 | D:2      | Reached XP level 3. HP: 18/24 MP: 3/3
  1051 | D:2      | Found a shadowy altar of Dithmenos.
  1053 | D:2      | Noticed Sigmund
  1091 | D:3      | Noticed a killer bee
  1091 | D:3      | Noticed a killer bee
  1091 | D:3      | Noticed a killer bee
  1116 | D:2      | Slain by a killer bee

Skill      XL: |  1  2 |
---------------+-------+-----
Fighting       | 4 |  4.4
Maces & Flails | |  2.4
Armour         | |  3.2
Shields        | |  3.2

Action                   || total
-------------------------++-------
Melee: Flail             ||    29
       Mace              ||    36
  Use: Scroll            ||     5
       Potion            ||     1
  Eat: Chunk             ||     1
Armor: Scale mail        ||    48
Dodge: Dodged            ||    24
Block: Shield            ||    50
